AoeStats
← beaubrent

Arena

510357849Analyzed
1v1 RM · 1d ago on Sep 30, 2026· 55m 49s· 2 players
Game mode
Random Map
Map size
Tiny (2 player)
Population
200
Speed
Normal
Resources
Standard
Victory
Conquest
Starting age
Dark Age
Ending age
Imperial Age
RankedLock teamsTeams togetherTeam positionsShared explorationLock speedFull tech treeHidden civsTurbo modeCheats
Victory
Defeat
🇧🇪 Portuguese · Belgium
300
+13
🇺🇸 Poles · United States
227
-13
T.G.O
0:44 Loom
11:31 Feudal Age
16:05 Wheelbarrow
16:01 Double-Bit Axe
16:00 Horse Collar
16:17 Stone Mining
22:15 Castle Age
29:06 Fervor
29:57 Bow Saw
32:50 Szlachta Privileges
35:13 Husbandry
35:21 Scale Barding Armor
35:32 Forging
35:02 Elite Skirmisher
37:54 Hand Cart
38:06 Gold Mining
38:52 Stone Shaft Mining
39:33 Chain Barding Armor
39:51 Iron Casting
39:40 Ballistics
39:34 Murder Holes
41:38 Padded Archer Armor
41:53 Fortified Wall
41:54 Masonry
41:39 Treadmill Crane
49:22 Heavy Plow
52:48 Guard Tower
56:09 Imperial Age
beaubrent
2:52 Loom
11:56 Feudal Age
12:29 Double-Bit Axe
12:47 Man-at-Arms
14:18 Horse Collar
14:41 Arson
14:59 Gold Mining
20:09 Wheelbarrow
20:07 Stone Mining
23:19 Castle Age
21:40 Forging
21:31 Scale Mail Armor
22:22 Fletching
22:33 Padded Archer Armor
23:13 Scale Barding Armor
24:07 Wheelbarrow
24:47 Bow Saw
24:43 Pikeman
25:09 Gambesons
26:52 Iron Casting
27:23 Chain Mail Armor
28:38 Thumb Ring
27:54 Crossbowman
30:28 Stone Shaft Mining
31:14 Heavy Plow
31:35 Leather Archer Armor
31:16 Bodkin Arrow
34:05 Masonry
34:09 Fortified Wall
37:15 Imperial Age
35:29 Sanctity
36:44 Husbandry
36:55 Bloodlines
38:12 Arquebus
37:48 Cavalier
39:48 Chemistry
40:10 Ballistics
39:59 Siege Engineers
40:28 Halberdier
42:29 Blast Furnace
43:03 Two-Man Saw
42:27 Town Watch
43:35 Bracer
44:07 Plate Mail Armor
43:48 Devotion
44:39 Circumnavigation
46:14 Theocracy
47:52 Elite Organ Gun
49:09 Architecture
49:11 Block Printing
51:03 Ring Archer Armor
51:16 Faith
Connection lost

Rejoining the realm…

Still unreachable

The connection could not be restored.

Session expired

The server has moved on; the page needs a fresh start.